 Dungeon Crawl Stone Soup version 0.20.1-1-g8b1a95d (webtiles) character file.

39 vatarom the Insei (level 3, -1/23 HPs)
             Began as an Octopode Transmuter on Sept 6, 2017.
             Slain by an adder (3 damage)
             ... on level 2 of the Dungeon.
             The game lasted 00:02:16 (1249 turns).

vatarom the Insei (Octopode Transmuter)             Turns: 1249, Time: 00:02:17

Health: -1/23      AC:  1    Str: 10    XL:     3   Next: 47%
Magic:  2/6        EV: 13    Int: 15    God:
Gold:   37         SH:  4    Dex: 12    Spells: 0/6 levels left

rFire    . . .     SeeInvis .     - Unarmed
rCold    . . .     Gourm    .   d - +0 buckler
rNeg     . . .     Faith    .   (helmet restricted)
rPois    .         Spirit   .   (no amulet)
rElec    .         Reflect  .   e - +1 ring of slaying
rCorr    .         Harm     .   (no ring)
MR       .....                  (no ring)
Stlth    ++........             (no ring)
Regen    0.1/turn               (no ring)
MPRegen  0.1/turn               (no ring)
                                (no ring)
                                (no ring)

@: very slightly contaminated
A: almost no armour, stealthy swim, amphibious, 8 rings, constrict 8, camouflage
1, gelatinous body 1
a: no special abilities


You were on level 2 of the Dungeon.
You were not hungry.

You visited 1 branch of the dungeon, and saw 2 of its levels.

You collected 37 gold pieces.

Inventory:

Missiles
 a - 9 arrows
Armour
 d - a +0 buckler (worn)
Jewellery
 e - a +1 ring of slaying (left tentacle)
Scrolls
 f - 2 scrolls of teleportation
 g - a scroll of magic mapping {unknown}
Books
 b - a book of Changes

   Spells                             Type                      Level
   a - Beastly Appendage              Transmutation                1
   b - Sticks to Snakes               Transmutation                2
   c - Spider Form                    Transmutation/Poison         3
   d - Ice Form                       Ice/Transmutation            4
   e - Blade Hands                    Transmutation                5
Comestibles
 c - 2 bread rations


   Skills:
 - Level 1.0 Fighting
 - Level 2.0 Dodging
 + Level 2.0 Shields
 - Level 3.7 Unarmed Combat
 - Level 2.0 Spellcasting
 - Level 2.0 Transmutations


You couldn't memorise any spells.
You knew the following spells:

 Your Spells              Type           Power        Failure   Level  Hunger
a - Beastly Appendage     Tmut           #.....       12%         1    #......
b - Sticks to Snakes      Tmut           #.......     19%         2    ###....
c - Spider Form           Tmut/Pois      #.........   50%         3    ###....


Dungeon Overview and Level Annotations

Branches:
Dungeon (2/15)

Altars:


Innate Abilities, Weirdness & Mutations

You cannot wear most types of armour.
You are very stealthy in the water. (Stealth+)
You are amphibious.
You can wear up to eight rings at the same time.
You can use your tentacles to constrict eight enemies at once.
Your skin changes colour to match your surroundings (Stealth+).
Your rubbery body absorbs attacks. (AC +1, EV +1)


Message History

Unknown command.
Your ball python barely misses the quokka.
Your ball python grabs the quokka.
Your ball python constricts the quokka.
* * * LOW HITPOINT WARNING * * *
You feel sick.
You are no longer poisoned.
The quokka struggles to escape constriction.
Your ball python bites the quokka.
Your ball python constricts the quokka.
The quokka struggles to escape constriction.
Your ball python bites the quokka.
Your ball python constricts the quokka.
The quokka closely misses your ball python.
Your ball python bites the quokka but does no damage.
Your ball python constricts the quokka.
The adder bites your ball python.
Your ball python dies!
The adder barely misses you. You block the adder's attack.
You block the adder's attack. The adder barely misses you. The adder bites you.
You die...

#.......#
###.......########
#................#
#......>..######.######
#(........#
#......#######
#.........####
######.......##
###..........#
#.........
#####...##.#####
#........#
###.##.@Sr.#####.......#
#..#####.SS.##...S...#
#..########.....###..#
##.##......####.......
#.#........########..
#...........#### #..
#...............# ##.
##....(..........####
#................# #


You could see 3 adders and a quokka.

Vanquished Creatures
  An ooze (D:1)
  A worm (D:2)
  2 dart slugs (D:1)
  A leopard gecko (D:2)
  A ball python (D:1)
  4 bats (D:1)
  3 goblins (D:1)
  4 hobgoblins
  3 kobolds (D:1)
  2 frilled lizards (D:2)
  7 rats (D:1)
29 creatures vanquished.

Vanquished Creatures (collateral kills)
  A kobold (D:2)
1 creature vanquished.

Grand Total: 30 creatures vanquished

Notes
Turn   | Place    | Note
-------+----------+-------------------------------------------
     0 | D:1      | vatarom the Octopode Transmuter began the quest for the Orb.
     0 | D:1      | Reached XP level 1. HP: 13/13 MP: 3/3
    95 | D:1      | Reached XP level 2. HP: 18/18 MP: 5/5
   233 | D:1      | Learned a level 2 spell: Sticks to Snakes
   576 | D:1      | Reached skill level 1 in Shields
   576 | D:1      | Reached XP level 3. HP: 23/23 MP: 6/6
   581 | D:1      | Learned a level 3 spell: Spider Form
  1232 | D:2      | HP: 1/23 [quokka (2)]
  1249 | D:2      | Slain by an adder

Skill      XL: |  1  2  3 |
---------------+----------+-----
Shields        | 1 2 |  2.0
Fighting       | |  1.0
Dodging        | |  2.0
Unarmed Combat | |  3.7
Spellcasting   | |  2.0
Transmutations | |  2.0

Action                   || total
-------------------------++-------
Melee: Unarmed           ||    66
       Constrict         ||    16
       Tentacles         ||     7
       Punch             ||     3
 Cast: Beastly Appendage ||     1
       Sticks to Snakes  ||     3
  Use: Scroll            ||     3
       Potion            ||     2
 Stab: Sleeping          ||     4
  Eat: Bread ration      ||     1
Armor: Skin              ||    10
Dodge: Dodged            ||    49
Block: Buckler           ||    12
